 Dungeon Crawl Stone Soup version 0.18.1-6-gd335043 (webtiles) character file.

6469 HenryFlower the Thaumaturge (level 10, -2/44 HPs)
             Began as a Spriggan Earth Elementalist on May 15, 2016.
             Was a Priest of Ashenzari.
             Slain by Snorg (16 damage)
             ... on level 10 of the Dungeon.
             The game lasted 00:27:25 (14110 turns).

HenryFlower the Thaumaturge (SpEE)                 Turns: 14110, Time: 00:27:25

Health: -2/44      AC:  3    Str:  4    XL:     10   Next: 68%
Magic:  18/26      EV: 18    Int: 23    God:    Ashenzari [***...]
Gold:   600        SH:  8    Dex: 17    Spells: 4 memorised, 18 levels left

rFire  . . .     SeeInvis +     u - +6 falchion of Nuoch {venom, +Rage rPois Int+3} (curse)
rCold  + . .     Gourm    .     a - +0 robe
rNeg   . . .     Faith    +     A - +0 buckler (curse)
rPois  +         Spirit   .     (helmet restricted)
rElec  .         Dismiss  .     q - +0 cloak
rCorr  .         Reflect  .     (gloves unavailable)
SustAt .         Harm     .     (boots unavailable)
MR     +....                    n - amulet of faith (curse)
Stlth  +++.......               (no ring)
                                I - ring of protection from cold

@: very quick, somewhat resistant to hostile enchantments, fairly stealthy
A: unfitting armour, see invisible, herbivore 3, speed 3, slow metabolism 2
a: Curse Item, Scrying, Renounce Religion, Evoke Berserk Rage


You were on level 10 of the Dungeon.
You worshipped Ashenzari.
Ashenzari was most pleased with you.
You were not hungry.

You visited 1 branch of the dungeon, and saw 10 of its levels.

You collected 600 gold pieces.

Inventory:

Hand Weapons
 u - the cursed +6 falchion of Nuoch (weapon) {venom, +Rage rPois Int+3}
   (You found it on level 3 of the Dungeon)

   It poisons the flesh of those it strikes.
   It affects your intelligence (+3).
   It protects you from poison.
   It lets you go berserk.
   It has a curse placed upon it.
Missiles
 J - a throwing net (quivered)
Armour
 a - a +0 robe (worn)
 q - a +0 cloak (worn)
 A - a cursed +0 buckler (worn)
Jewellery
 n - a cursed amulet of faith (around neck)
 G - an uncursed ring of sustain attributes
 H - the ring "Ylliq" {Ice rN+}
   (You found it on level 9 of the Dungeon)

   [ring of ice]

   It enhances your ice magic, and weakens your fire magic.
   It makes you vulnerable to fire.
   It protects you from cold.
   It protects you from negative energy.
 I - a ring of protection from cold (left hand)
Wands
 w - a wand of polymorph (13/24)
 y - a wand of lightning (8/15)
 C - a wand of flame (24/48)
 F - a wand of lightning (7/15)
Scrolls
 b - 2 scrolls of remove curse
 e - a scroll of enchant armour {unknown}
 f - 4 scrolls of identify
 g - a scroll of fog {unknown}
 h - 4 scrolls of recharging {unknown}
 i - 2 scrolls of magic mapping {unknown}
 k - 3 scrolls of blinking {unknown}
 o - 2 scrolls of amnesia {unknown}
 s - 2 scrolls of teleportation {unknown}
 t - 2 scrolls of enchant weapon
 B - a scroll of noise {unknown}
 E - 3 scrolls of random uselessness {unknown}
Potions
 j - a potion of agility
 l - 4 potions of curing
 m - 2 potions of brilliance
 p - 2 potions of heal wounds
 r - 3 potions of haste
 v - a potion of ambrosia
 x - 2 potions of flight
 z - a potion of lignification
Books
 c - a book of Geomancy

   Spells                             Type                      Level
   a - Sandblast                      Earth                        1
   b - Passwall                       Transmutation/Earth          2
   c - Stone Arrow                    Conjuration/Earth            3
   d - Petrify                        Transmutation/Earth          4
   e - Lee's Rapid Deconstruction     Earth                        5
 D - a book of Enchantments

   Spells                             Type                      Level
   a - Cause Fear                     Hexes                        4
   b - Yara's Violent Unravelling     Hexes/Transmutation          5
   c - Silence                        Hexes/Air                    5
   d - Deflect Missiles               Charms/Air                   6
   e - Haste                          Charms                       6
   f - Discord                        Hexes                        8
Comestibles
 d - 4 bread rations


   Skills:
 - Level 3.0 Dodging
 - Level 3.0 Stealth
 + Level 5.4(7.3) Shields
 + Level 11.2 Spellcasting
 - Level 1.3 Transmutations
 * Level 10.7 Earth Magic


You had 18 spell levels left.
You knew the following spells:

 Your Spells              Type           Power        Failure   Level  Hunger
a - Sandblast             Erth           ######       1%          1    None
b - Stone Arrow           Conj/Erth      #####.       1%          3    None
c - Lee's Rapid Deconstr  Erth           ######....   1%          5    ####...
d - Petrify               Trmt/Erth      #####...     6%          4    None


Dungeon Overview and Level Annotations

Branches:
Dungeon (10/15)            Temple (0/1) D:5            Lair (0/8) D:9
    Orc: D:9-12

Altars:
Ashenzari
Cheibriados
Fedhas
Gozag
Makhleb
Nemelex Xobeh
Okawaru
Pakellas
Qazlal
Sif Muna
Trog
Vehumet
Xom
Zin
Beogh

Shops:
D:10 *=%

Annotations:
D:10 Snorg


Innate Abilities, Weirdness & Mutations

You are tiny and cannot use many weapons and most armour.
You have supernaturally acute eyesight.
You are a herbivore.
You cover ground extremely quickly.
You need consume almost no food.


Message History

Aiming: Stone Arrow
Press: ? - help, Shift-Dir - straight line, f/p - Snorg
Aim: Snorg (lightly wounded, berserk, fast, unusually strong)
The stone arrow hits Snorg.
Snorg is moderately wounded.
You see here 22 stones.
Snorg rages.
Things that are here:
a +0 short sword; 6 stones; a kobold skeleton
There is an entrance to Kosh's Food Emporium here.
Items here: (( )))) ÷ Snorg rages.
Casting: Stone Arrow
Confirm with . or Enter, or press ? or * to list all spells.
Aiming: Stone Arrow
Press: ? - help, Shift-Dir - straight line, f/p - Snorg
Aim: Snorg (lightly wounded, berserk, fast, unusually strong)
The stone arrow misses Snorg.
Snorg barely misses you. Snorg closely misses you. Snorg claws you!
You die...

.###.##..### #.....#...*
, .........# ####'######
#.#.#.#..# #.# *
........## ##.# *
#.#.#.#.## #..#
.........# ##.##### *<
#.#.#.#..# #......# *
.........# #####......#*,
,,
#.#.#.#.÷###...T@.....#
,**, ,
...(....)∩..(###.........
#........##### #......###
, ########## #......# ,
######## ,, * *


You could see Snorg (berserk).

Vanquished Creatures
  An unseen horror (D:10)
  A hill giant (D:10)
  A komodo dragon (D:9)
  A merfolk (D:10)
  5 yaks (D:9)
  A wyvern (D:9)
  Eustachio (D:4)
  A hippogriff (D:10)
  Duvessa (D:4)
  6 ice beasts
  A sky beast (D:8)
  3 ogres
  5 orc warriors
  2 phantoms
  A big kobold (D:10)
  8 giant frogs
  Dowan (D:4)
  2 wyvern skeletons
  2 scorpions
  4 wights (D:9)
  3 howler monkeys (D:9)
  A jelly (D:8)
  2 centaur zombies
  A crimson imp (D:6)
  A quasit (D:10)
  3 hounds
  A giant frog skeleton (D:6)
  4 orc priests
  A centaur skeleton (D:6)
  3 iguanas
  4 orc wizards
  6 worker ants
  A hound zombie (D:6)
  2 hound skeletons
  A howler monkey zombie (D:7)
  4 gnolls (D:9)
  8 adders
  3 shadow imps
  An ooze (D:6)
  2 adder skeletons
  2 worms
  2 dart slugs (D:2)
  5 giant geckos
  19 orcs
  2 ball pythons
  6 giant cockroaches
  3 goblins
  8 hobgoblins
  10 jackals
  13 kobolds
  2 quokkas
  3 bats
  2 giant gecko skeletons
  3 giant newts
  A jackal skeleton (D:4)
  9 rats
190 creatures vanquished.

Vanquished Creatures (others)
  4 plants (D:9)
4 creatures vanquished.

Grand Total: 194 creatures vanquished

Notes
Turn   | Place    | Note
--------------------------------------------------------------
     0 | D:1      | HenryFlower the Spriggan Earth Elementalist began the quest for the Orb.
     0 | D:1      | Reached XP level 1. HP: 9/9 MP: 5/5
   298 | D:1      | Reached skill level 3 in Spellcasting
   298 | D:1      | Reached XP level 2. HP: 6/13 MP: 0/7
   867 | D:2      | Found a deep blue altar of Sif Muna.
  1156 | D:2      | Reached XP level 3. HP: 15/16 MP: 3/8
  1838 | D:3      | Found a burning altar of Makhleb.
  1988 | D:3      | Found an iron altar of Okawaru.
  1988 | D:3      | Found a glowing silver altar of Zin.
  1996 | D:3      | Found a shattered altar of Ashenzari.
  2037 | D:3      | Became a worshipper of Ashenzari the Shackled
  2426 | D:3      | Found a shimmering altar of Xom.
  2708 | D:3      | Reached skill level 4 in Spellcasting
  2820 | D:3      | Reached XP level 4. HP: 21/21 MP: 7/11
  3101 | D:3      | Found a bloodstained altar of Trog.
  3591 | D:3      | Got the falchion of Nuoch {venom, +Rage rPois Int+3}
  3592 | D:3      | Identified the +6 falchion of Nuoch {venom, +Rage rPois Int+3} (You found it on level 3 of the Dungeon)
  3738 | D:3      | Found a roughly hewn altar of Beogh.
  3880 | D:3      | Learned a level 3 spell: Stone Arrow
  4175 | D:4      | Noticed Dowan
  4179 | D:4      | Noticed Duvessa
  4204 | D:4      | Killed Duvessa
  4204 | D:4      | Reached skill level 5 in Spellcasting
  4204 | D:4      | Reached XP level 5. HP: 13/24 MP: 7/13
  4418 | D:4      | Reached XP level 6. HP: 28/28 MP: 5/15
  4637 | D:4      | Killed Dowan
  4637 | D:4      | Reached skill level 5 in Earth Magic
  4777 | D:4      | Found an opulent altar of Gozag.
  4891 | D:4      | Found a snail-covered altar of Cheibriados.
  5048 | D:4      | Reached skill level 6 in Spellcasting
  5114 | D:4      | Noticed Eustachio
  5231 | D:4      | Killed Eustachio
  5231 | D:4      | Reached XP level 7. HP: 31/32 MP: 1/18
  5499 | D:5      | Entered Level 5 of the Dungeon
  5499 | D:5      | Found a stormy altar of Qazlal.
  5499 | D:5      | Found a blossoming altar of Fedhas.
  5506 | D:5      | Found a sparkling altar of Nemelex Xobeh.
  5647 | D:5      | Found an iron altar of Okawaru.
  5656 | D:5      | Reached * piety under Ashenzari
  5733 | D:5      | Reached skill level 7 in Spellcasting
  5858 | D:5      | Found a staircase to the Ecumenical Temple.
  6176 | D:6      | Found an oddly glowing altar of Pakellas.
  7010 | D:6      | Reached skill level 1 in Shields
  7254 | D:6      | Reached XP level 8. HP: 36/36 MP: 5/20
  7393 | D:6      | Reached ** piety under Ashenzari
  7454 | D:6      | Reached skill level 8 in Spellcasting
  7600 | D:7      | Found a radiant altar of Vehumet.
  9366 | D:8      | Reached skill level 9 in Spellcasting
  9600 | D:8      | Reached XP level 9. HP: 36/39 MP: 10/23
  9929 | D:8      | Reached *** piety under Ashenzari
 10800 | D:9      | Found a sparkling altar of Nemelex Xobeh.
 11393 | D:9      | Identified the ring "Ylliq" {Ice rN+}
 11430 | D:9      | Reached skill level 10 in Spellcasting
 12099 | D:9      | Reached XP level 10. HP: 28/44 MP: 2/25
 12133 | D:8      | Learned a level 5 spell: Lee's Rapid Deconstruction
 12439 | D:8      | Learned a level 4 spell: Petrify
 12521 | D:9      | Found a staircase to the Lair.
 12549 | D:9      | Reached skill level 10 in Earth Magic
 13116 | D:10     | Entered Level 10 of the Dungeon
 13116 | D:10     | Noticed a hill giant
 13128 | D:10     | Killed a hill giant
 13128 | D:10     | Reached skill level 5 in Shields
 13253 | D:10     | Found Foemnimm's Assorted Antiques.
 13401 | D:10     | Noticed an unseen horror
 13411 | D:10     | Killed an unseen horror
 13411 | D:10     | Reached skill level 11 in Spellcasting
 13741 | D:10     | Found Kosh's Food Emporium.
 13920 | D:10     | Found Zinguip's Jewellery Boutique.
 14076 | D:10     | Noticed Snorg
 14110 | D:10     | Slain by Snorg

Skill      XL: |  1  2  3  4  5  6  7  8  9 10 |
---------------+-------------------------------+-----
Earth Magic    | 3 4 5 6 8 9 10 | 10.7
Spellcasting   | 3 4 5 6 7 9 10 11 | 11.2
Shields        | 1 3 4 5 |  5.4
Dodging        | |  3.0
Stealth        | |  3.0
Transmutations | |  1.3

Action                   |  1- 3 |  4- 6 |  7- 9 | 10-12 || total
-------------------------+-------+-------+-------+-------++-------
Melee: Unarmed           |     1 |    11 |       |       ||    12
       Falchion          |       |     5 |    72 |       ||    77
 Cast: Sandblast         |    95 |    50 |    72 |       ||   217
       Stone Arrow       |       |    16 |   156 |    70 ||   242
       Lee's Rapid Decon |       |       |       |     1 ||     1
Invok: Curse Item        |     1 |     1 |     1 |       ||     3
  Use: Scroll            |       |     6 |     6 |       ||    12
       Potion            |       |       |     1 |       ||     1
 Stab: Confused          |       |     2 |       |       ||     2
       Distracted        |       |       |     1 |       ||     1
       Sleeping          |       |       |     1 |       ||     1
  Eat: Bread ration      |       |     1 |     1 |       ||     2
Armor: Robe              |     3 |     4 |    19 |       ||    26
Dodge: Dodged            |    43 |    29 |   103 |    16 ||   191
Block: Buckler           |       |       |    43 |     6 ||    49
